My poor snipers

Match 32007360
End
Construct Section Command Post
Selects Air and Sea Battlegroup
Infantry Section
Infantry Section
Infantry Section
Grenade Package
Selects Supply Surplus
Construct Field Infirmary
Construct Platoon Command Post
Infantry Training
Unlock Bishop Self-propelled Artillery
Royal Engineer Section
Bishop Self-propelled Artillery
6-pounder Anti-tank Gun Team
6-pounder Anti-tank Gun Team
Team Weapon Training
Selects Centaur Medium Tank
Bishop Self-propelled Artillery
Royal Engineer Section
Selects Assault Flares
Infantry Section
Construct Resource Cache
Construct Company Command Post
Assault Flares
Unlock M3 Grant Medium Tanks
Selects Commando Section Paradrop
Selects M1 Pack Howitzer Paradrop
M3 Grant Medium Tank
CMP 15cwt Truck
Selects Anti-tank Rocket Loiter
Construct Resource Cache
Construct Resource Cache
Selects Anti-tank Rocket Loiter
Anti-tank Rocket Loiter
M3 Grant Medium Tank
Assault Flares
Assault Flares
M3 Grant Medium Tank
Drink||Chouchen
Hydra7-1
Qhunter
BamboneWertherone ITA
0
0

Comments sign in to comment!

No comments posted yet!